 Dungeon Crawl Stone Soup version 0.20.1-1-g8b1a95d (webtiles) character file.

269 Marthos the Magician (level 6, -21/42 HPs)
             Began as a Demonspawn Wizard on Dec 5, 2017.
             Demolished by an ogre
             ... wielding a +0 giant spiked club
              (35 damage)
             ... on level 4 of the Dungeon.
             The game lasted 00:07:37 (4501 turns).

Marthos the Magician (Demonspawn Wizard)            Turns: 4501, Time: 00:07:37

Health: -21/42     AC: 13    Str:  7    XL:     6   Next: 1%
Magic:  0/13       EV: 12    Int: 21    God:
Gold:   113        SH:  0    Dex: 12    Spells: 5/14 levels left

rFire    . . .     SeeInvis .   k - +2 mace (protect)
rCold    . . .     Gourm    .   (no shield)
rNeg     . . .     Faith    .   a - +0 robe
rPois    .         Spirit   .   e - +2 helmet
rElec    .         Reflect  .   q - scarf {cloud immunity}
rCorr    .         Harm     .   (no gloves)
MR       .....                  (no boots)
Stlth    ++........             (no amulet)
Regen    0.2/turn               (no ring)
MPRegen  0.2/turn               (no ring)

@: protection aura
A: hooves 1, rugged brown scales 1
a: no special abilities


You were on level 4 of the Dungeon.
You were not hungry.

You visited 1 branch of the dungeon, and saw 4 of its levels.

You collected 113 gold pieces.

Inventory:

Hand Weapons
 k - a +2 mace of protection (weapon)
Armour
 a - a +0 robe (worn)
 e - a +2 helmet (worn)
 q - a scarf of cloud immunity (worn)
Wands
 j - a wand of digging (7/24)
Scrolls
 g - a scroll of identify {unknown}
 h - a scroll of magic mapping
Potions
 f - a potion of curing {unknown}
 n - a potion of haste
Books
 c - a book of Minor Magic

   Spells                             Type                      Level
   a - Magic Dart                     Conjuration                  1
   b - Blink                          Translocation                2
   c - Call Imp                       Summoning                    2
   d - Slow                           Hexes                        2
   e - Conjure Flame                  Conjuration/Fire             3
   f - Mephitic Cloud                 Conjuration/Poison/Air       3
Comestibles
 b - 3 chunks of flesh
 d - 2 bread rations
 i - 5 fruits


   Skills:
 - Level 2.2 Dodging
 - Level 2.5 Stealth
 * Level 4.7 Spellcasting
 * Level 3.7 Conjurations
 - Level 1.0 Summonings
   Level 0.8 Translocations


You had 5 spell levels left.
You knew the following spells:

 Your Spells              Type           Power        Failure   Level  Hunger
a - Magic Dart            Conj           ###.         2%          1    None
b - Call Imp              Summ           #.......     11%         2    #......
c - Conjure Flame         Conj/Fire      ##......     16%         3    ##.....
d - Mephitic Cloud        Conj/Pois/Air  ##......     21%         3    ##.....


Dungeon Overview and Level Annotations

Branches:
Dungeon (4/15)
 Temple: D:4-7

Altars:
Nemelex Xobeh
Yredelemnul

Annotations:
D:3 2 transporters


Innate Abilities, Weirdness & Mutations

You have large cloven feet.
You are partially covered in rugged brown scales. (AC +1, +3% HP)


Message History

The ogre is severely wounded.
The ogre shouts!
You hit the ogre.
Your weapon exudes an aura of protection.
The ogre is almost dead.
The ogre barely misses you.
Casting: Magic Dart
Confirm with . or Enter, or press ? or * to list all spells.
Aiming: Magic Dart
Press: ? - help, Shift-Dir - straight line, f/p - ogre
Aim: an ogre, wielding a giant spiked club (almost dead)
The magic dart hits the ogre.
The ogre is almost dead.
The ogre hits you with a giant spiked club!!
Ouch! That really hurt!
You hit the ogre. You kick the ogre, but do no damage.
The ogre is almost dead.
The ogre hits you with a giant spiked club!!
Ouch! That really hurt!
You die...

...###....##### . ...#
#........>. ..........##. . ...#
#############............ . ...#
#............ . ...# #..........#
. ...# ########..........# ###.
...#######.................###...
.......)...######..........#.....
...####.........@O............###
.....##..........#..........###
.###.......................## ##
####..........##.......##
#..........###.....##
#.........## ####### ###########


You could see an ogre.

Vanquished Creatures
  The ghost of pstr the Stinger, an amateur NaVM of Hepliaklqana (D:3)
  A jelly (D:3)
  2 worker ants (D:4)
  3 adders
  An ooze (D:2)
  3 worms
  4 dart slugs
  4 leopard geckos
  4 orcs
  6 bats
  2 giant cockroaches
  5 goblins
  7 hobgoblins
  4 kobolds
  A quokka (D:4)
  4 frilled lizards
  A jackal skeleton (D:4)
  11 rats
64 creatures vanquished.

Notes
Turn   | Place    | Note
-------+----------+-------------------------------------------
     0 | D:1      | Marthos the Demonspawn Wizard began the quest for the Orb.
     0 | D:1      | Reached XP level 1. HP: 13/13 MP: 4/4
   178 | D:1      | Gained mutation: You have large cloven feet. [demonic ancestry]
   178 | D:1      | Reached XP level 2. HP: 19/19 MP: 1/6
   941 | D:2      | Gained mutation: You are partially covered in rugged brown scales. (AC +1, +3% HP) [demonic ancestry]
   941 | D:2      | Reached XP level 3. HP: 18/24 MP: 1/8
  2112 | D:2      | Reached XP level 4. HP: 29/30 MP: 1/9
  2345 | D:2      | Found a sparkling altar of Nemelex Xobeh.
  2558 | D:3      | Noticed pstr's ghost (amateur NaVM)
  2636 | D:3      | Found a basalt altar of Yredelemnul.
  2638 | D:3      | Found a transporter.
  2648 | D:3      | Found a transporter.
  2687 | D:2      | Learned a level 2 spell: Call Imp
  2691 | D:2      | Learned a level 3 spell: Conjure Flame
  3128 | D:3      | Killed pstr's ghost
  3128 | D:3      | Reached skill level 4 in Spellcasting
  3128 | D:3      | Reached XP level 5. HP: 19/36 MP: 0/11
  3270 | D:3      | Noticed a sky beast
  3948 | D:3      | Learned a level 3 spell: Mephitic Cloud
  4454 | D:4      | Reached XP level 6. HP: 42/42 MP: 7/13
  4501 | D:4      | Demolished by an ogre

Skill      XL: |  1  2  3  4 |
---------------+-------------+-----
Stealth        | 2 |  2.5
Dodging        | 2 |  2.2
Conjurations   | 2 3 |  3.7
Spellcasting   | 4 |  4.7
Summonings     | |  1.0
Translocations | |  0.8

Action                   |  1- 3 |  4- 6 || total
-------------------------+-------+-------++-------
Melee: Unarmed           |    15 |       ||    15
       Kick              |     2 |     4 ||     6
       Hand axe          |       |    17 ||    17
       Mace              |       |     7 ||     7
 Cast: Magic Dart        |    93 |   106 ||   199
       Call Imp          |       |     7 ||     7
  Use: Potion            |       |     7 ||     7
       Scroll            |       |     4 ||     4
  Eat: Chunk             |     2 |     9 ||    11
Armor: Robe              |    10 |    17 ||    27
Dodge: Dodged            |    22 |    36 ||    58
